 Dungeon Crawl Stone Soup version 0.32-a0-473-gd044c6f0f0 (webtiles) character file.

Game seed: 5921240189217805682

163 ezpacito the Trooper (level 5, -1/35 (41) HPs)
             Began as a Demonspawn Chaos Knight on Feb 26, 2024.
             Was a Plaything of Xom.
             Slain by a wight
             ... wielding a +6 short sword of freezing
              (2 damage)
             ... on level 4 of the Dungeon.
             The game lasted 00:03:07 (2159 turns).

ezpacito the Trooper (Demonspawn Chaos Knight)      Turns: 2159, Time: 00:03:08

HP:   -1/35 (41)    AC: 11    Str: 14    XL:     5   Next: 20%
MP:   7/7           EV:  7    Int: 13    God:    Xom [.....*]
Gold: 160           SH:  0    Dex: 12    Spells: 6/6 levels left

rFire   . . .        a - +0 hand axe (chaos)
rCold   . . .        (no shield)
rNeg    . . .        j - +0 chain mail
rPois   .            (helmet restricted)
rElec   .            (no cloak)
rCorr   .            (no gloves)
SInv    .            s - +2 pair of boots
Will    .....        (no amulet) Stlth
                     (no ring)
HPRegen 1.05/turn    (no ring)
MPRegen 0.10/turn

%: no passive effects
@: heavily drained
A: horns 1, powered by death 3, regeneration 1
a: Renounce Religion


You were on level 4 of the Dungeon.
You worshipped Xom.
You were Xom's teddy bear.
You visited 1 branch of the dungeon, and saw 4 of its levels.

You collected 160 gold pieces.

Inventory:

Hand Weapons
 a - a +0 hand axe of chaos (weapon)
 b - a +0 war axe
Missiles
 i - 4 poisoned darts (quivered)
Armour
 j - a +0 chain mail (worn)
 s - a +2 pair of boots (worn)
Scrolls
 c - a scroll of butterflies
 f - a scroll of amnesia {unknown}
 g - a scroll of silence {unknown}
 k - a scroll of enchant armour {unknown}
 m - 4 scrolls of teleportation
 o - 2 scrolls of blinking {unknown}
 q - a scroll of immolation {unknown}
 r - 2 scrolls of fear {unknown}
 t - a scroll of vulnerability {unknown}
Potions
 d - a potion of cancellation
 h - 3 potions of curing
 l - a potion of lignification
 n - 2 potions of enlightenment


   Skills:
 * Level 3.5 Fighting
 * Level 3.2 Axes
 + Level 0.6(2.1) Polearms
 * Level 2.3 Armour
 * Level 2.0 Dodging
 + Level 1.1 Stealth
 * Level 1.3 Unarmed Combat
 * Level 1.4 Spellcasting


You had 6 spell levels left.
You didn't know any spells.
Your spell library contained the following spells:

 Spells                   Type           Power      Damage    Failure   Level
 Magic Dart               Conj           0%         1d3       99%         1
 Blink                    Tloc           0%         N/A       100%        2
 Call Imp                 Summ           0%         N/A       100%        2
 Dazzling Flash           Conj/Hex       0%         N/A       100%        3
 Volatile Blastmotes      Fire/Tloc      0%         2d10      100%        3
 Starburst                Conj/Fire      0%         6d3       100%        6
 Maxwell's Capacitive Co  Air            0%         ∞         100%        8


Dungeon Overview and Level Annotations

Branches:
Dungeon (4/15)
 Temple: D:4-7

Altars:
Fedhas

Shops:
D:1 [   D:3 (


Innate Abilities, Weirdness & Mutations

You have a pair of small horns on your head.
You regenerate a lot of health from kills.
Your natural rate of healing is unusually fast.


Message History

You feel drained. The wight freezes you.
You barely miss the wight.
The wight is lightly damaged.
You hit the adder. The adder barely misses you.
The wight hits you with a +6 short sword of freezing!
A shower of butterflies erupts from you!
You feel drained. The wight freezes you. The adder barely misses you.
You are too injured to fight recklessly!
You are too injured to fight recklessly!
You are too injured to fight recklessly!
You are too injured to fight recklessly!
You are too injured to fight recklessly!
You are too injured to fight recklessly!
You are too injured to fight recklessly!
There are monsters nearby!
You are too injured to fight recklessly!
Unknown command.
You are too injured to fight recklessly!
Unknown command.
You are too injured to fight recklessly!
Okay, then.
You hit the adder.
The adder blinks!
The adder is severely wounded.
You barely miss the wight. The wight barely misses you.
The adder bites your butterfly.
Your butterfly dies!
Your butterfly disappears in a puff of smoke!
You swap places.
The wight hits you with a +6 short sword of freezing!
You feel drained. The wight freezes you.
* * * LOW HITPOINT WARNING * * *
There is a stone staircase leading up, spattered with blood here.
Found a white potion.
The wight attacks as it pursues you!
The wight hits you with a +6 short sword of freezing!
* * * LOW HITPOINT WARNING * * *
You feel drained.
* * * LOW HITPOINT WARNING * * *
The wight freezes you.
You die...
Xom titters!

.. ..!
#.##..
.....
##....
##....#
###...#.###
#.....#b..#
#..@zb...#
####b..###
#.bb##
###.####
###..##.#
#.......#
##.§...##
##....#
##.###


You could see a wight (strong, ally target).

Vanquished Creatures
  The ghost of discipleofbeogh the Apothecary, an amateur SpAl (D:3)
  4 adders
  4 dart slugs
  A ribbon worm (D:3)
  3 orcs (D:3)
  An endoplasm (D:3)
  3 giant cockroaches
  4 goblins
  3 hobgoblins
  4 jackals
  6 kobolds
  2 quokkas
  2 ball pythons (D:2)
  6 bats
  5 frilled lizards
  6 rats
55 creatures vanquished.

Notes
Turn   | Place    | Note
-------+----------+-------------------------------------------
     0 | D:1      | ezpacito the Demonspawn Chaos Knight began the quest for
                  | the Orb.
     0 | D:1      | Reached XP level 1. HP: 18/18 MP: 1/1
    27 | D:1      | Found a faded altar of an unknown god.
    40 | D:1      | XOM: silly message
   159 | D:1      | XOM: god gift: scroll labelled ATOXOITUGO {god gift}
   330 | D:1      | Reached skill level 1 in Dodging
   341 | D:1      | Gained mutation: You have a pair of small horns on your
                  | head. [demonic ancestry]
   341 | D:1      | Reached XP level 2. HP: 24/24 MP: 2/2
   561 | D:1      | Found Pallaytt's Armour Shop.
   605 | D:1      | XOM: silly message
   792 | D:2      | Gained mutation: You regenerate a little health from kills.
                  | [demonic ancestry]
   792 | D:2      | Reached XP level 3. HP: 24/29 MP: 4/4
  1017 | D:2      | Reached skill level 1 in Spellcasting
  1099 | D:2      | Found a blossoming altar of Fedhas.
  1295 | D:2      | XOM: cloud trail
  1573 | D:3      | Gained mutation: You regenerate health from kills. [demonic
                  | ancestry]
  1573 | D:3      | Reached XP level 4. HP: 35/35 MP: 5/5
  1624 | D:3      | XOM: silly message
  1628 | D:3      | Reached skill level 1 in Unarmed Combat
  1861 | D:3      | XOM: cloud trail
  1950 | D:3      | Found Itzavir's Weapon Shoppe.
  1990 | D:3      | Reached skill level 1 in Stealth
  1997 | D:3      | Found a runed translucent door.
  1998 | D:3      | Noticed discipleofbeogh's ghost (amateur SpAl)
  2044 | D:3      | XOM: give mutation
  2044 | D:3      | Gained mutation: Your natural rate of healing is unusually
                  | fast. [Xom's grace]
  2071 | D:3      | XOM: smoke on damage
  2072 | D:3      | Killed discipleofbeogh's ghost
  2073 | D:3      | Gained mutation: You regenerate a lot of health from kills.
                  | [demonic ancestry]
  2073 | D:3      | Reached XP level 5. HP: 32/41 MP: 5/7
  2073 | D:3      | XOM: cloud trail
  2121 | D:3      | Found a blossoming altar of Fedhas.
  2139 | D:4      | XOM: noise
  2156 | D:4      | XOM: butterfly on damage
  2159 | D:4      | HP: 1/35 [wight/+6 short sword of freezing (2)]
  2159 | D:4      | Slain by a wight

Illustrated notes

Levels and vault maps discovered:
D:1:      tarquinn_simple_flora_water_f, layout_basic,
          ebering_ecumenical_altar_sacrificial, serial_shops, shop,
          nicolae_kite_square_tiling_tiny
D:2:      layout_loops_ring, basic_altar, chequers_serial_rivers_room_a,
          chequers_serial_rivers_large_b, minmay_hexomino_f4
D:3:      layout_rooms, lemuel_doored_altar, gammafunk_ghost_grave,
          serial_shops, shop, minivault_23
D:4:      minmay_chambers_of_twos, layout_cave_pools,
          hellmonk_overflow_destroyed_library

Skill      XL: |  1  2  3  4 |
---------------+-------------+-----
Dodging        | 1 2 |  2.0
Armour         | 2 |  2.3
Spellcasting   | 1 |  1.4
Axes           | 3 |  3.2
Unarmed Combat | 1 |  1.3
Stealth        | 1 |  1.1
Fighting       | |  3.5
Polearms       | |  0.6

Action                     |  1- 3 |  4- 6 || total
---------------------------+-------+-------++-------
  Melee: Hand axe          |    94 |    64 ||   158
         Headbutt          |     8 |    10 ||    18
    Use: Scroll            |       |     6 ||     6
         Potion            |       |     1 ||     1
   Stab: Petrified         |     5 |       ||     5
 Armour: Leather armour    |    72 |     9 ||    81
         Chain mail        |       |    52 ||    52
  Dodge: Dodged            |    67 |    27 ||    94

Table legend: (Time is in decaauts)
 A = Elapsed time spent in this place.
 B = Non-inter-level travel time spent in this place.
 C = Inter-level travel time spent in this place.
 D = Time resting spent in this place.
 E = Time spent auto-exploring this place.
 F = Levels seen in this place.
 G = Mean time per level.
                   A        B        C        D        E       F      G
               +--------+--------+--------+--------+--------+-----+--------+
         Total |   2231 |   2109 |    122 |     41 |   1621 |   4 |  557.8 |
       Dungeon |   2231 |   2109 |    122 |     41 |   1621 |   4 |  557.8 |
               +--------+--------+--------+--------+--------+-----+--------+

Top non-repeatable levels by time:
     D:2: 931 daAuts
     D:1: 690 daAuts
     D:3: 589 daAuts
     D:4: 20 daAuts
